 Dungeon Crawl Stone Soup version 0.29-a0-1052-g6990b1bffc (webtiles) character file.

Game seed: 4789934633362650042

12 ytrimaz the Insei (level 2, 13/21 HPs)
             Began as a Demonspawn Transmuter on Aug 17, 2022.
             Quit the game on level 1 of the Dungeon.
             The game lasted 00:00:13 (266 turns).

ytrimaz the Insei (Demonspawn Transmuter)            Turns: 266, Time: 00:00:14

Health: 13/21      AC:  2    Str: 10    XL:     2   Next: 20%
Magic:  4/5        EV: 12    Int: 14    God:
Gold:   29         SH:  0    Dex: 13    Spells: 4/5 levels left

rFire   . . .      SeeInvis .     - Unarmed
rCold   . . .      Faith    .   (no shield)
rNeg    . . .      Spirit   .   a - +0 robe
rPois   .          Reflect  .   (helmet currently unavailable)
rElec   .          Harm     .   (no cloak)
rCorr   .          Rampage  .   (no gloves)
Will    .....                   (boots currently unavailable)
Stlth   +.........              (no amulet)
HPRegen 0.07/turn               (no ring)
MPRegen 0.09/turn               (no ring)

@: appendages (expiring)
A: horns 2, talons 2, demonic magic 1
a: End Transformation


You were on level 1 of the Dungeon.
You had temporarily grown beastly horns and talons.
You visited 1 branch of the dungeon, and saw 1 of its levels.

You collected 29 gold pieces.

Inventory:

Armour
 a - a +0 robe (worn)
Potions
 b - a potion of lignification


   Skills:
 + Level 1.0 Fighting
 + Level 2.2 Dodging
 + Level 2.8 Unarmed Combat
 + Level 2.1 Spellcasting
 + Level 1.9 Transmutations


You had 4 spell levels left.
You knew the following spells:

 Your Spells              Type           Power      Damage    Failure   Level
a - Beastly Appendage     Tmut           12%        N/A       11%         1

Your spell library contained the following spells:

 Spells                   Type           Power      Damage    Failure   Level
 Wereblood                Tmut           6%         N/A       16%         2
 Spider Form              Tmut/Pois      4%         N/A       43%         3
 Ice Form                 Ice/Tmut       4%         N/A       83%         4


Dungeon Overview and Level Annotations

Branches:
Dungeon (1/15)

Altars:


Innate Abilities, Weirdness & Mutations

You have temporarily grown beastly horns and talons.
Spells you cast may paralyse adjacent enemies.


Message History

The bat barely misses you.
You hit the bat.
You kill the bat!
No target in view!
No target in view!
Your transformation is almost over.
Your horns disappear.
Your talons disappear.
A goblin and a hobgoblin come into view.
Found a stone staircase leading down.
There are monsters nearby!
There are monsters nearby!
There are monsters nearby!
An endoplasm comes into view.
You grow a pair of large bovine horns.
Your feet morph into talons.
The hobgoblin shouts!
The endoplasm quivers.
The goblin hits you with a +3 dagger.
The endoplasm jiggles.
You hit the goblin. You claw the goblin.
You kill the goblin!
You have reached level 2!
Your demonic ancestry asserts itself...
A menacing aura infuses your magic.
You hit the hobgoblin. Your headbutt misses the hobgoblin.
The hobgoblin is severely wounded.
The hobgoblin barely misses you.
You hit the hobgoblin.
You kill the hobgoblin!
An endoplasm comes into view.
The endoplasm barely misses you.
You see here a +3 dagger.
The endoplasm quivers.
You hit the endoplasm.
You kill the endoplasm!
Your transformation is almost over.
You barely miss the endoplasm. The endoplasm hits you.
You hit the endoplasm. You claw the endoplasm. You headbutt the endoplasm.
You kill the endoplasm!
There is a stone staircase leading down here.
Are you sure you want to abandon this character and quit the game? (Confirm with "yes".)

## #### ###. ..#
....#####.####### ## .
#####...?.#.#.#.#.#...
......................#
.# #..#...#.......#.#
.# #..#.#.)...@.....#
.# #..#.###.......#...
.## #..#.##.........#
..####..#.###.......##
#...##..#..#.........#
..#.##..##.##.#.#.#.##
###.##..##.##.#.##### #
#..............# #
#†.#...........#


There were no monsters in sight!

Vanquished Creatures
  A bat (D:1)
  2 endoplasms (D:1)
  2 goblins (D:1)
  2 hobgoblins (D:1)
  2 kobolds (D:1)
  A ball python (D:1)
10 creatures vanquished.

Notes
Turn   | Place    | Note
-------+----------+-------------------------------------------
     0 | D:1      | ytrimaz the Demonspawn Transmuter began the quest for the
                  | Orb.
     0 | D:1      | Reached XP level 1. HP: 15/15 MP: 3/3
   256 | D:1      | Gained mutation: Spells you cast may paralyse adjacent
                  | enemies. [demonic ancestry]
   256 | D:1      | Reached XP level 2. HP: 15/21 MP: 3/5
   266 | D:1      | Quit the game

Illustrated notes

Levels and vault maps discovered:
D:1:      co_arrival_random_square_maze, layout_loops_ring, st_stairs_4

Skill      XL: |  1 |
---------------+----+-----
Dodging        | 2 |  2.2
Fighting       | |  1.0
Unarmed Combat | |  2.8
Spellcasting   | |  2.1
Transmutations | |  1.9

Action                   || total
-------------------------++-------
Melee: Unarmed           ||    15
       Headbutt          ||     3
       Kick              ||     2
 Cast: Beastly Appendage ||     6
 Stab: Sleeping          ||     1
Armor: Robe              ||     1
Dodge: Dodged            ||     7

Table legend: (Time is in decaauts)
 A = Elapsed time spent in this place.
 B = Non-inter-level travel time spent in this place.
 C = Inter-level travel time spent in this place.
 D = Time resting spent in this place.
 E = Time spent auto-exploring this place.
 F = Levels seen in this place.
 G = Mean time per level.
                   A        B        C        D        E       F      G
               +--------+--------+--------+--------+--------+-----+--------+
         Total |    265 |    265 |      0 |      0 |    212 |   1 |  265.0 |
       Dungeon |    265 |    265 |      0 |      0 |    212 |   1 |  265.0 |
               +--------+--------+--------+--------+--------+-----+--------+

Top non-repeatable levels by time:
     D:1: 265 daAuts
